[Event "Faroes Open 2018"]
[Site "Sandavagur"]
[Date "2018.07.12"]
[Round "7"]
[White "Nielsen, Torkil"]
[Black "Nilssen, John Arni"]
[Result "1/2-1/2"]
[ECO "B22"]
[WhiteElo "2115"]
[BlackElo "2301"]
[Annotator "NA"]
[PlyCount "88"]
[EventDate "2018.07.07"]
[EventType "swiss"]
[EventCountry "FAI"]
[SourceTitle "playchess.com"]
[Source "ChessBase"]
[SourceQuality "1"]
[TimeControl "40/5400+30:900+30"]

1. e4 c5 2. c3 d5 3. exd5 Qxd5 4. d4 g6 5. Be3 Bg7 6. Nf3 cxd4 7. cxd4 Nc6 8. Nbd2 (8. Nc3 $14 Qa5 9. d5) 8... Qa5 9. Qb3 Nf6 10. Bb5 O-O 11. Bxc6 bxc6 12. O-O Be6 13. Qc2 Rfc8 $11 14. Ne5 Nd5 15. Ndc4 Qa6 16. b3 c5 17. Qe4 Rd8 18. dxc5 f6 19. Nf3 f5 20. Qh4 Nxe3 21. Nxe3 Bxa1 22. Rxa1 Bd5 23. Qxe7 Bxf3 24. gxf3 Qc6 25. Kg2 Re8 26. Qd6 Re6 27. Qxc6 Rxc6 28. Rc1 Kf8 29. b4 Rb8 30. a3 Rd8 31. b5 Rc7 32. c6 Rd4 33. Rc4 Rxc4 34. Nxc4 Ke7 35. a4 Kd8 36. Kg3 Re7 37. Kf4 Kc7 38. Ne3 Kd6 39. h4 Kc5 40. Kg5 a6 41. h5 axb5 42. axb5 f4 43. Kxf4 gxh5 44. Nf5 Rc7 1/2-1/2

[Event "Faroes Open 2018"]
[Site "Sandavagur"]
[Date "2018.07.12"]
[Round "7"]
[White "Spiesberger, Gerhard"]
[Black "Rodgaard, John"]
[Result "1/2-1/2"]
[ECO "B26"]
[WhiteElo "2058"]
[BlackElo "2319"]
[Annotator "NA"]
[PlyCount "70"]
[EventDate "2018.07.07"]
[EventType "swiss"]
[EventCountry "FAI"]
[SourceTitle "playchess.com"]
[Source "ChessBase"]
[SourceQuality "1"]
[TimeControl "40/5400+30:900+30"]

1. e4 c5 2. Nc3 Nc6 3. g3 g6 4. Bg2 Bg7 5. d3 d6 6. Be3 e6 7. Qd2 Rb8 8. Nd1 b5 {[%emt 0:07:24] LiveBook: 8 Games} 9. c3 b4 10. Ne2 bxc3 11. bxc3 Ba6 12. f4 Nge7 13. O-O Qd7 14. Nf2 $11 O-O 15. f5 exf5 16. Bh6 fxe4 17. Bh3 f5 18. Bxg7 Kxg7 19. Nxe4 Nd5 20. Nf4 Nxf4 21. gxf4 Rfe8 22. Rfe1 Re7 23. d4 cxd4 24. cxd4 Rbe8 25. d5 Rxe4 26. dxc6 Qxc6 27. Bg2 Qc5+ 28. Kh1 Re2 29. Rxe2 Rxe2 30. Qc1 Qf2 31. Qc3+ Kh6 32. Qh3+ Kg7 33. Qc3+ Kh6 34. Qh3+ Kg7 35. Qc3+ Kh6 1/2-1/2

[Event "Faroes Open 2018"]
[Site "Sandavagur"]
[Date "2018.07.12"]
[Round "7"]
[White "Hruby, Milan"]
[Black "Maroroa, Sue"]
[Result "1-0"]
[ECO "E81"]
[WhiteElo "2031"]
[BlackElo "2104"]
[Annotator "NA"]
[PlyCount "75"]
[EventDate "2018.07.07"]
[EventType "swiss"]
[EventCountry "FAI"]
[SourceTitle "playchess.com"]
[Source "ChessBase"]
[SourceQuality "1"]
[TimeControl "40/5400+30:900+30"]

1. d4 Nf6 2. c4 g6 3. Nc3 Bg7 4. e4 d6 5. f3 O-O 6. Be3 c5 7. Nge2 Nc6 8. d5 Ne5 9. Ng3 h5 10. Be2 h4 11. Nf1 e6 12. Nd2 a6 ({Better is} 12... exd5 $14 13. cxd5 h3) 13. a4 exd5 14. cxd5 h3 15. g3 Bd7 16. O-O Qc7 (16... b5 $11 {keeps the balance.}) 17. Kh1 (17. g4 $16) 17... b5 18. g4 $14 b4 19. Ncb1 Qb7 20. g5 Nh5 21. f4 Nxf4 22. Bxf4 f5 23. gxf6 Rxf6 24. Bxe5 Rxf1+ 25. Qxf1 Bxe5 26. Nc4 Rf8 27. Qg1 Bg7 28. Nbd2 Qb8 29. Qxg6 Rf6 30. Qg3 Qf8 31. Rg1 Bxa4 32. Bg4 Bc2 33. Be6+ Kh8 34. Nxd6 Bh6 35. Qh4 Rf4 36. Qxh3 Qf6 37. Nf5 Rxf5 38. Bxf5 1-0

[Event "Faroes Open 2018"]
[Site "Sandavagur"]
[Date "2018.07.12"]
[Round "7"]
[White "Esteve Sanchez, Sergio"]
[Black "Haubro, Siv"]
[Result "1-0"]
[ECO "A01"]
[WhiteElo "1994"]
[BlackElo "1780"]
[Annotator "NA"]
[PlyCount "105"]
[EventDate "2018.07.07"]
[EventType "swiss"]
[EventCountry "FAI"]
[SourceTitle "playchess.com"]
[Source "ChessBase"]
[SourceQuality "1"]
[TimeControl "40/5400+30:900+30"]

1. b3 d5 2. Bb2 e6 3. e3 Nd7 4. c4 c6 5. Nf3 f5 6. Be2 Ngf6 7. O-O Bd6 8. d4 O-O 9. Nbd2 Ne4 10. Ne5 Nxd2 11. Qxd2 Be7 12. Rad1 Qc7 $14 13. f3 Bg5 14. Qc3 Bf6 15. Bd3 Nxe5 16. dxe5 Bg5 17. f4 Be7 18. cxd5 exd5 19. Rc1 Be6 20. Qc2 Rac8 21. g4 g6 22. gxf5 Bxf5 23. Bxf5 Rxf5 24. Rf2 Qd7 25. Qd3 Qe6 26. Kh1 Rcf8 27. Rg2 c5 28. Rd1 Rd8 29. Qb5 Rd7 30. Rgd2 a6 31. Qe2 Rh5 32. Qg2 d4 33. exd4 cxd4 34. Rxd4 Rc7 35. Qd5 Kf7 36. Kg2 Rf5 37. Kg3 Rh5 38. Qxe6+ Kxe6 39. Rc1 Rxc1 40. Bxc1 Rf5 41. Rc4 Kd7 42. Rd4+ Ke6 43. Rc4 Kd7 44. Be3 b5 45. Rc2 h5 46. Kf3 Rf8 47. Ke4 Bb4 48. h3 Re8 49. Rg2 Rg8 50. Kd5 Ke7 51. Bc5+ Bxc5 52. Kxc5 Ke6 53. Rg5 1-0

[Event "Faroes Open 2018"]
[Site "Sandavagur"]
[Date "2018.07.12"]
[Round "7"]
[White "Fruehauf, Norbert"]
[Black "Gregersen, Einar"]
[Result "1-0"]
[ECO "B23"]
[WhiteElo "1963"]
[BlackElo "1665"]
[Annotator "NA"]
[PlyCount "159"]
[EventDate "2018.07.07"]
[EventType "swiss"]
[EventCountry "FAI"]
[SourceTitle "playchess.com"]
[Source "ChessBase"]
[SourceQuality "1"]
[TimeControl "40/5400+30:900+30"]

1. e4 c5 2. Nc3 a6 3. a4 Nc6 4. g3 g6 5. Bg2 Bg7 6. d3 Nf6 7. Be3 d6 8. h3 O-O 9. Qd2 Re8 10. Nge2 Rb8 11. O-O e6 12. Bh6 Bh8 13. Bg5 b5 $11 14. axb5 axb5 15. Ra2 b4 16. Nd1 b3 17. cxb3 Rxb3 18. Ndc3 Qc7 19. Rfa1 Bd7 20. Ra8 Reb8 21. Nc1 R3b4 22. R1a2 Qb7 23. Rxb8+ Qxb8 24. Be3 e5 25. Nd1 Nd4 26. Bxd4 Rxd4 27. Ne2 Rb4 28. Nec3 Be6 29. Ra6 Qc8 30. Rxd6 Ne8 31. Rxe6 Qxe6 32. Nd5 Rd4 33. Qc3 c4 34. Bf1 Nf6 35. N1e3 cxd3 36. Bxd3 Nxe4 37. Bxe4 Rxe4 38. Qa5 Bg7 39. Qa8+ Bf8 40. Nf6+ Qxf6 41. Qxe4 h5 42. Kg2 Qd6 43. Qd5 Qb8 44. Nc4 Qb3 45. Qe4 Qb4 46. Qe2 Qb5 47. Kf1 Qb7 48. Kg1 Qb5 49. Qc2 Bc5 50. b3 Bd4 51. Na3 Qb4 52. Nc4 Kg7 53. Nd2 f5 54. Nf3 Bc3 55. Qd1 Bd4 56. Nxd4 exd4 57. Qe2 Kf6 58. Qe8 Qd6 59. Qh8+ Ke6 60. Qg8+ Ke5 61. Qe8+ Kd5 62. Qa8+ Ke5 63. f4+ Ke6 64. Qe8+ Kd5 65. Kf2 d3 66. Qe5+ Qxe5 67. fxe5 Kxe5 68. Ke3 g5 69. b4 g4 70. hxg4 hxg4 71. b5 f4+ 72. gxf4+ Kf5 73. Kxd3 Kxf4 74. b6 g3 75. b7 g2 76. b8=Q+ Kf3 77. Qf8+ Kg3 78. Qg7+ Kf2 79. Qf6+ Kg3 80. Qg5+ 1-0

[Event "Faroes Open 2018"]
[Site "Sandavagur"]
[Date "2018.07.12"]
[Round "7"]
[White "Fjallheim, Leif Reinert"]
[Black "Nielsen, Jon I Horni"]
[Result "1/2-1/2"]
[ECO "C70"]
[WhiteElo "1886"]
[BlackElo "1735"]
[Annotator "NA"]
[PlyCount "58"]
[EventDate "2018.07.07"]
[EventType "swiss"]
[EventCountry "FAI"]
[SourceTitle "playchess.com"]
[Source "ChessBase"]
[SourceQuality "1"]
[TimeControl "40/5400+30:900+30"]

1. e4 e5 2. Nf3 Nc6 3. Bb5 a6 4. Ba4 b5 5. Bb3 Nf6 6. d3 d6 7. c3 Be7 8. Nbd2 O-O 9. Nf1 d5 10. Qe2 {[%emt 0:14:00] LiveBook: 7 Games} dxe4 ({Black should try} 10... a5 $15) 11. dxe4 $11 Bg4 12. h3 Bxf3 13. Qxf3 Na5 14. Bc2 c5 15. Ng3 Nc4 16. O-O Nd6 17. Rd1 Qc7 18. Bg5 h6 19. Be3 Rad8 20. Bb3 c4 21. Bc2 Rd7 22. Nf5 Nxf5 23. Rxd7 Qxd7 24. exf5 Qd5 25. Qg3 Nh5 26. Qg4 Nf6 27. Qg3 Nh5 28. Qg4 Nf6 29. Qg3 Nh5 1/2-1/2

[Event "Faroes Open 2018"]
[Site "Sandavagur"]
[Date "2018.07.12"]
[Round "7"]
[White "Olsen, Kaj"]
[Black "Nilssen, Ellen Fredericia"]
[Result "1/2-1/2"]
[ECO "C17"]
[WhiteElo "1696"]
[BlackElo "2152"]
[Annotator "NA"]
[PlyCount "78"]
[EventDate "2018.07.07"]
[EventType "swiss"]
[EventCountry "FAI"]
[SourceTitle "playchess.com"]
[Source "ChessBase"]
[SourceQuality "1"]
[TimeControl "40/5400+30:900+30"]

1. e4 e6 2. d4 d5 3. Nc3 Bb4 4. e5 c5 5. a3 Ba5 6. b4 cxd4 7. Nb5 Bc7 8. Nf3 Bd7 9. Qxd4 Nc6 10. Qg4 Kf8 11. Bb2 h5 $16 12. Qg3 Nce7 13. Nxc7 Qxc7 14. Bd3 Ba4 15. Rc1 Qd7 16. O-O Nh6 17. Nd4 a6 18. f4 g6 19. Qg5 Rh7 20. h3 Qd8 21. Qf6 Bd7 22. c4 dxc4 23. Bxc4 Nef5 24. Qxd8+ Rxd8 25. Kf2 Kg7 26. Rfd1 Rhh8 27. Bb3 Nxd4 28. Bxd4 h4 29. Bb6 Rc8 30. Rxc8 Bxc8 31. Rc1 Nf5 32. Kf3 Bd7 33. a4 Rc8 34. Rxc8 Bxc8 35. a5 Bd7 36. Bc2 Ne7 37. Be4 Nd5 38. Bc5 Bc6 39. Bd6 Kh6 1/2-1/2

[Event "Faroes Open 2018"]
[Site "Sandavagur"]
[Date "2018.07.12"]
[Round "7"]
[White "Joensen, Hans Petur"]
[Black "Petersen, Elias"]
[Result "1-0"]
[ECO "A22"]
[WhiteElo "1627"]
[BlackElo "1035"]
[Annotator "NA"]
[PlyCount "25"]
[EventDate "2018.07.07"]
[EventType "swiss"]
[EventCountry "FAI"]
[SourceTitle "playchess.com"]
[Source "ChessBase"]
[SourceQuality "1"]
[TimeControl "40/5400+30:900+30"]

1. c4 e5 2. Nc3 Nf6 3. g3 c6 4. Bg2 d5 5. cxd5 cxd5 6. Qb3 e4 7. d3 b6 8. dxe4 dxe4 9. Nxe4 Nc6 10. Bg5 Bb7 11. Rd1 Qe7 12. Nd6+ Kd7 13. Nf5+ {Bc8} 1-0

[Event "Faroes Open 2018"]
[Site "Sandavagur"]
[Date "2018.07.12"]
[Round "7"]
[White "Petersen, Gutti"]
[Black "Djurhuus, Arant"]
[Result "1/2-1/2"]
[ECO "C68"]
[WhiteElo "1596"]
[BlackElo "1703"]
[Annotator "NA"]
[PlyCount "72"]
[EventDate "2018.07.07"]
[EventType "swiss"]
[EventCountry "FAI"]
[SourceTitle "playchess.com"]
[Source "ChessBase"]
[SourceQuality "1"]
[TimeControl "40/5400+30:900+30"]

1. e4 e5 2. Nf3 Nc6 3. Bb5 a6 4. Bxc6 dxc6 5. d3 Bd6 6. Be3 Ne7 7. d4 Bg4 8. c3 Ng6 9. Nbd2 Nh4 10. O-O Qf6 11. h3 exd4 12. cxd4 Nxf3+ 13. Nxf3 Bxf3 14. Qxf3 Qxf3 15. gxf3 O-O-O 16. e5 Bb4 17. a3 Ba5 18. Rfd1 Rd5 19. Rd3 c5 20. Rad1 c4 21. Rc3 Bxc3 22. bxc3 Ra5 23. Ra1 Rd8 24. Kg2 Rdd5 25. f4 Kd7 26. Kf3 Rdb5 27. Ke4 Rb3 28. Bd2 Raxa3 29. Rxa3 Rxa3 30. d5 c6 31. Kd4 cxd5 32. Kxd5 b5 33. f5 Rb3 34. e6+ fxe6+ 35. fxe6+ Ke8 36. h4 a5 1/2-1/2

[Event "Faroes Open 2018"]
[Site "Sandavagur"]
[Date "2018.07.12"]
[Round "7"]
[White "Nielsen, Suni I Horni"]
[Black "Tummasarson, Flóvin Matras"]
[Result "1-0"]
[ECO "C50"]
[WhiteElo "1487"]
[BlackElo "1237"]
[Annotator "NA"]
[PlyCount "51"]
[EventDate "2018.07.07"]
[EventType "swiss"]
[EventCountry "FAI"]
[SourceTitle "playchess.com"]
[Source "ChessBase"]
[SourceQuality "1"]
[TimeControl "40/5400+30:900+30"]

1. e4 e5 2. Nf3 Nc6 3. Bc4 Bc5 4. Nc3 d6 5. h3 Be6 6. Bb3 Nf6 7. d3 h6 8. O-O O-O 9. Ne2 Qd7 10. Bxe6 fxe6 11. Be3 Bb6 12. Ng3 Qf7 13. Nh2 Qg6 14. Bxb6 axb6 15. c3 d5 16. Re1 Rad8 17. Qb3 Nh5 18. Re3 d4 19. cxd4 exd4 20. Rf3 Rxf3 21. Nxf3 Nxg3 22. fxg3 Rf8 23. g4 Kh8 24. Rf1 e5 25. Qa3 Qf6 26. Nd2 1-0

[Event "Faroes Open 2018"]
[Site "Sandavagur"]
[Date "2018.07.12"]
[Round "7"]
[White "Fjallheim, Benjamin Reinert"]
[Black "Jacobsen, Markus"]
[Result "1-0"]
[ECO "C50"]
[WhiteElo "1375"]
[BlackElo "1106"]
[Annotator "NA"]
[PlyCount "53"]
[EventDate "2018.07.07"]
[EventType "swiss"]
[EventCountry "FAI"]
[SourceTitle "playchess.com"]
[Source "ChessBase"]
[SourceQuality "1"]
[TimeControl "40/5400+30:900+30"]

1. e4 e5 2. Nf3 Nc6 3. Bc4 Bc5 4. d3 Nf6 5. Nc3 O-O 6. Bg5 h6 7. Bh4 b6 8. Nd5 Be7 9. Nxe7+ Qxe7 10. Qd2 Nd4 11. Nxd4 exd4 12. O-O-O Qd6 13. h3 Nh5 14. g4 Qf4 15. Rde1 g5 16. Qxf4 Nxf4 17. Bg3 Ng2 18. Ref1 Nf4 19. Bxf4 gxf4 20. g5 Kg7 21. Rfg1 h5 22. e5 Bb7 23. Rh2 f3 24. c3 dxc3 25. bxc3 Rae8 26. d4 Rh8 {R} 27. Rhh1 1-0

[Event "Faroes Open 2018"]
[Site "Sandavagur"]
[Date "2018.07.13"]
[Round "8"]
[White "Miezis, Normunds"]
[Black "Narayanan, Srinath"]
[Result "1/2-1/2"]
[ECO "A13"]
[WhiteElo "2463"]
[BlackElo "2549"]
[Annotator "RC"]
[PlyCount "96"]
[EventDate "2018.07.07"]
[EventType "swiss"]
[EventCountry "FAI"]
[SourceTitle "playchess.com"]
[Source "ChessBase"]
[SourceQuality "1"]
[TimeControl "40/5400+30:900+30"]

1. c4 e6 2. e4 d5 3. exd5 exd5 4. d4 Nf6 5. Nc3 Bb4 6. Bd3 O-O 7. Nge2 dxc4 8. Bxc4 Nbd7 9. Bg5 Nb6 10. Bd3 h6 11. Bh4 Be7 12. O-O Nfd5 13. Bg3 Bd6 14. Re1 Bg4 15. f3 Be6 16. Qd2 Nxc3 17. bxc3 Nc4 18. Qc1 Nb6 19. Bf2 Bc4 20. Be4 Nd5 21. Bxd5 Bxd5 22. c4 Bc6 23. d5 Bd7 24. c5 Be5 25. Nc3 Re8 26. f4 Bf6 27. Qc2 g6 28. Rxe8+ Qxe8 29. Re1 Qf8 30. h3 Re8 31. Ne4 Bd8 32. c6 bxc6 33. dxc6 Bf5 34. g4 Bxe4 35. Rxe4 Rxe4 36. Qxe4 Bf6 37. Qd5 Qa3 38. Kg2 Qb2 39. g5 hxg5 40. fxg5 Be5 41. h4 Qe2 42. Qd8+ Kg7 43. Qd5 a6 44. a4 Qg4+ 45. Kf1 Qh3+ 46. Ke2 Qg4+ 47. Kf1 Qh3+ 48. Ke2 Qg4+ 1/2-1/2

[Event "Faroes Open 2018"]
[Site "Sandavagur"]
[Date "2018.07.13"]
[Round "8"]
[White "Nakar, Eylon"]
[Black "Nielsen, Hogni Egilstoft"]
[Result "1/2-1/2"]
[ECO "C78"]
[WhiteElo "2462"]
[BlackElo "2397"]
[Annotator "RC"]
[PlyCount "87"]
[EventDate "2018.07.07"]
[EventType "swiss"]
[EventCountry "FAI"]
[SourceTitle "playchess.com"]
[Source "ChessBase"]
[SourceQuality "1"]
[TimeControl "40/5400+30:900+30"]

1. e4 e5 2. Nf3 Nc6 3. Bb5 a6 4. Ba4 Nf6 5. O-O b5 6. Bb3 Be7 7. d3 d6 8. a3 Be6 9. Nc3 Bxb3 10. cxb3 O-O 11. Be3 d5 12. Bg5 d4 13. Bxf6 Bxf6 14. Nd5 Nb8 15. b4 c6 16. Nxf6+ Qxf6 17. Nd2 a5 18. bxa5 Rxa5 19. Nb3 Ra7 20. Nc5 Na6 21. Qc2 Qd6 22. Rfc1 Rc8 23. g3 Kf8 24. Nb3 Nb8 25. Nc5 Na6 26. Nb3 Nb8 27. Nd2 Nd7 28. Kg2 Nb6 29. Qd1 Na4 30. Rc2 c5 31. Rac1 Rac7 32. Qh5 Kg8 33. b3 Nc3 34. a4 c4 35. dxc4 bxa4 36. bxa4 Nxa4 37. Ra2 Nc3 38. Ra5 f6 39. Rca1 Qc6 40. Ra6 Qe8 41. Qg4 Qd7 42. Qh5 Qe8 43. Qg4 Qd7 44. Qh5 1/2-1/2

[Event "Faroes Open 2018"]
[Site "Sandavagur"]
[Date "2018.07.13"]
[Round "8"]
[White "Jotic, Vladimir"]
[Black "Hruby, Milan"]
[Result "1/2-1/2"]
[ECO "A06"]
[WhiteElo "2387"]
[BlackElo "2031"]
[Annotator "NA"]
[PlyCount "62"]
[EventDate "2018.07.07"]
[EventType "swiss"]
[EventCountry "FAI"]
[SourceTitle "playchess.com"]
[Source "ChessBase"]
[SourceQuality "1"]
[TimeControl "40/5400+30:900+30"]

1. Nf3 d5 2. g3 Nf6 3. Bg2 e6 4. O-O c5 5. d3 Nc6 6. Nbd2 Be7 7. e4 {[%emt 0:00:06] LiveBook: 1772 Games} Qc7 8. Re1 O-O 9. e5 Nd7 10. Qe2 b5 11. Nf1 a5 12. h4 a4 {[%emt 0:00:46] C00: French: Unusual White 2nd moves} (12... b4 13. Bf4 a4 14. a3 bxa3 15. bxa3 Ba6 16. N1h2 Rfc8 17. h5 h6 18. Ng4 Kh7 19. c4 dxc4 20. dxc4 Bb7 {1-0 (29) Movsesian,S (2658)-Stern,R (2538) Berlin 2015}) 13. a3 Ba6 14. Bf4 Rfc8 15. Ne3 $146 ({Predecessor:} 15. h5 Rab8 16. h6 g6 17. Ne3 Nd4 18. Nxd4 cxd4 19. Nxd5 exd5 20. e6 {1-0 (29) Vittorino,C (2300)-Franco,W (2205) Medellin 2000}) 15... Qd8 16. h5 $15 h6 17. c3 b4 18. c4 Nb6 19. Nd2 Nd4 20. Qg4 Kh8 21. Rac1 Rab8 22. axb4 cxb4 23. cxd5 Rxc1 24. Rxc1 Bxd3 25. Re1 Bf5 26. Nxf5 exf5 27. Qd1 Nxd5 28. Bxd5 Qxd5 29. e6 Rd8 30. exf7 Qxf7 31. Qxa4 Bf6 1/2-1/2

[Event "Faroes Open 2018"]
[Site "Sandavagur"]
[Date "2018.07.13"]
[Round "8"]
[White "Haubro, Martin"]
[Black "Nilssen, John Arni"]
[Result "0-1"]
[ECO "B32"]
[WhiteElo "2373"]
[BlackElo "2301"]
[Annotator "NA"]
[PlyCount "70"]
[EventDate "2018.07.07"]
[EventType "swiss"]
[EventCountry "FAI"]
[SourceTitle "playchess.com"]
[Source "ChessBase"]
[SourceQuality "1"]
[TimeControl "40/5400+30:900+30"]

1. e4 c5 2. Nf3 Nc6 3. d4 cxd4 4. Nxd4 e5 5. Nb5 d6 6. g3 Be7 7. Bg2 {[%emt 0:00:06] LiveBook: 28 Games} Nf6 8. O-O Bg4 9. Qd3 Rc8 10. N5c3 O-O 11. Be3 $11 Qd7 12. Na3 Nb4 13. Qd2 a6 14. Nd5 Nbxd5 15. exd5 Bf5 16. c3 Bd8 17. f4 Ng4 18. Kh1 Nxe3 19. Qxe3 Bf6 20. Qf2 Bd3 21. Rfe1 Qf5 22. Rad1 e4 23. Nc2 Rfe8 24. Ne3 Qd7 25. g4 Bd8 26. g5 Bb6 27. Qh4 Qa4 28. Ng4 Qc2 29. f5 e3 30. Rxd3 Qxd3 31. f6 Qg6 32. Bf3 e2 33. Kg2 Be3 34. Qg3 Bxg5 35. fxg7 h5 0-1

[Event "Faroes Open 2018"]
[Site "Sandavagur"]
[Date "2018.07.13"]
[Round "8"]
[White "Nielsen, Rogvi Egilstoft"]
[Black "Vavulin, Maksim"]
[Result "0-1"]
[ECO "B06"]
[WhiteElo "2337"]
[BlackElo "2552"]
[Annotator "ChessBase"]
[PlyCount "106"]
[EventDate "2018.07.07"]
[EventType "swiss"]
[EventCountry "FAI"]
[SourceTitle "playchess.com"]
[Source "ChessBase"]
[SourceQuality "1"]
[TimeControl "40/5400+30:900+30"]

1. e4 g6 2. d4 Bg7 3. Bc4 e6 4. Nf3 d5 5. Bd3 dxe4 6. Bxe4 Nf6 7. Bd3 c5 8. dxc5 Qa5+ 9. c3 Qxc5 10. Be3 Qc7 11. Na3 a6 12. Qd2 Ng4 13. Bg5 h6 14. Bf4 e5 15. Bg3 Nc6 16. Be4 O-O 17. h3 Rd8 18. Qe2 Nf6 19. Bxc6 Qxc6 20. O-O Nh5 21. Bh2 Re8 22. Rfe1 b5 23. c4 b4 24. Nc2 a5 25. Ncd4 Qc5 26. g4 Bb7 27. Nb3 Qc6 28. gxh5 g5 29. Nbd2 f5 30. c5 e4 31. Qc4+ Qd5 32. Ne5 Bxe5 33. Bxe5 Rxe5 34. Rac1 Rc8 35. Nb3 a4 36. Na5 Qxc4 37. Rxc4 Ba6 38. Rxb4 Rexc5 39. Rxa4 Rc1 40. Rxc1 Rxc1+ 41. Kh2 Rc2 42. Nb3 Rxf2+ 43. Kg1 Rf1+ 44. Kg2 Bd3 45. Nc5 Be2 46. Ra7 Rb1 47. b3 e3 48. h4 f4 49. Ne4 Rb2 50. Nf6+ Kf8 51. hxg5 Bg4+ 52. Kg1 Bf3 53. Rd7 Rb1+ 0-1

[Event "Faroes Open 2018"]
[Site "Sandavagur"]
[Date "2018.07.13"]
[Round "8"]
[White "Rodgaard, John"]
[Black "Fruehauf, Norbert"]
[Result "1-0"]
[ECO "A41"]
[WhiteElo "2319"]
[BlackElo "1963"]
[Annotator "NA"]
[PlyCount "55"]
[EventDate "2018.07.07"]
[EventType "swiss"]
[EventCountry "FAI"]
[SourceTitle "playchess.com"]
[Source "ChessBase"]
[SourceQuality "1"]
[TimeControl "40/5400+30:900+30"]

1. Nf3 d6 2. d4 Bg4 3. c4 Bxf3 4. exf3 g6 5. Nc3 Bg7 6. Be3 e6 7. Qb3 Qc8 8. d5 Ne7 9. Bd3 O-O 10. O-O Nf5 11. Bxf5 exf5 12. Rfe1 b6 13. Bd2 $11 Re8 14. Nb5 Na6 15. Qa3 Qb7 16. Bc3 Bf8 17. b4 Rac8 18. Bb2 Bg7 19. Bxg7 Kxg7 20. h4 h5 21. Qa4 Kf8 22. a3 Ra8 23. Kf1 Rxe1+ 24. Rxe1 Qc8 25. Qd1 Qd8 26. Qd4 Kg8 27. g3 Nb8 28. Nxc7 1-0

[Event "Faroes Open 2018"]
[Site "Sandavagur"]
[Date "2018.07.13"]
[Round "8"]
[White "Nilssen, Ellen Fredericia"]
[Black "Nielsen, Suni I Horni"]
[Result "0-1"]
[ECO "D15"]
[WhiteElo "2152"]
[BlackElo "1487"]
[Annotator "NA"]
[PlyCount "84"]
[EventDate "2018.07.07"]
[EventType "swiss"]
[EventCountry "FAI"]
[SourceTitle "playchess.com"]
[Source "ChessBase"]
[SourceQuality "1"]
[TimeControl "40/5400+30:900+30"]

1. d4 d5 2. c4 c6 3. Nc3 Nf6 4. Nf3 Bg4 5. e3 e6 6. Bd3 Bd6 7. O-O b6 (7... O-O $11 {bleibt in der Remisbreite.}) 8. a3 Qc7 9. h3 Bh5 10. e4 (10. cxd5 $16 Nxd5 11. Ne4) 10... dxe4 11. Nxe4 Nxe4 12. Bxe4 $11 Nd7 13. Re1 Rd8 14. Bg5 f6 15. Bd2 O-O 16. Qb3 Rfe8 17. Rac1 c5 18. Qc2 f5 19. Bd3 Bxf3 20. gxf3 cxd4 21. Bg5 Rc8 22. Qe2 Bf4 23. Bxf4 Qxf4 24. Bc2 Rcd8 25. b4 e5 26. Qd3 e4 27. Qxd4 Ne5 28. Qe3 Nxf3+ 29. Kf1 Nh2+ 30. Kg2 Qxe3 31. Rxe3 Nf3 32. c5 bxc5 33. bxc5 Rc8 34. Ba4 Re7 35. Rec3 Nd4 36. Rc4 Ne6 37. Rd1 Rxc5 38. Rxc5 Nxc5 39. Bb5 Kf7 40. Rd5 Ne6 41. Rxf5+ Kg6 42. Rd5 Nf4+ 0-1

[Event "Faroes Open 2018"]
[Site "Sandavagur"]
[Date "2018.07.13"]
[Round "8"]
[White "Simonsen, Hans Kristian"]
[Black "Nielsen, Torkil"]
[Result "1/2-1/2"]
[ECO "A01"]
[WhiteElo "2150"]
[BlackElo "2115"]
[Annotator "NA"]
[PlyCount "54"]
[EventDate "2018.07.07"]
[EventType "swiss"]
[EventCountry "FAI"]
[SourceTitle "playchess.com"]
[Source "ChessBase"]
[SourceQuality "1"]
[TimeControl "40/5400+30:900+30"]

1. b3 e6 2. Bb2 Nf6 3. f4 d5 4. Nf3 c5 5. e3 Be7 6. Bb5+ Bd7 7. Bxd7+ Nbxd7 8. d3 O-O 9. Nbd2 Qc7 10. Ne5 b5 11. O-O Nb6 12. Ng4 Kh8 13. Bxf6 Bxf6 $14 14. Nxf6 gxf6 15. Qh5 Rg8 16. Qh4 Nd7 17. Rf3 Rg7 18. Nf1 f5 19. Rg3 Qd8 20. Qxd8+ Rxd8 21. Rxg7 Kxg7 22. Nd2 Nb6 23. c3 Nd7 24. Nf3 Nb6 25. Nd2 Nd7 26. Nf3 Nb6 27. Nd2 Nd7 1/2-1/2

[Event "Faroes Open 2018"]
[Site "Sandavagur"]
[Date "2018.07.13"]
[Round "8"]
[White "Maroroa, Sue"]
[Black "Fjallheim, Leif Reinert"]
[Result "0-1"]
[ECO "C54"]
[WhiteElo "2104"]
[BlackElo "1886"]
[Annotator "NA"]
[PlyCount "118"]
[EventDate "2018.07.07"]
[EventType "swiss"]
[EventCountry "FAI"]
[SourceTitle "playchess.com"]
[Source "ChessBase"]
[SourceQuality "1"]
[TimeControl "40/5400+30:900+30"]

1. e4 e5 2. Nf3 Nc6 3. Bc4 Bc5 4. c3 Nf6 5. d3 O-O 6. O-O d6 7. a4 a5 8. Na3 h6 9. Nc2 Ba7 10. Be3 Ne7 11. Re1 Ng6 12. Bxa7 Rxa7 13. d4 Ra8 14. Ne3 c6 15. dxe5 dxe5 16. Qc2 Qc7 17. Rad1 Bg4 18. Nxg4 Nxg4 19. Rd2 Rad8 20. Red1 Rxd2 21. Qxd2 Nf6 22. Qd6 Qxd6 23. Rxd6 Re8 24. Nd2 Kf8 25. g3 Ke7 26. Rd3 Nf8 27. f3 N6d7 28. b4 Ra8 29. Bb3 Nb6 30. b5 Nfd7 31. Nc4 Nxc4 32. Bxc4 Nc5 33. Rd1 Nxa4 34. bxc6 bxc6 35. Rb1 Nc5 36. Rb6 Rc8 37. Kf2 f6 38. h4 Kd7 39. Ke3 Kc7 40. Rb1 Ra8 41. f4 Re8 42. f5 Rd8 43. g4 Rb8 44. Ra1 a4 45. g5 hxg5 46. hxg5 Rh8 47. Be2 Rh3+ 48. Bf3 fxg5 49. Rg1 a3 50. Rxg5 a2 51. Rxg7+ Kb6 52. Rg1 Nb3 53. f6 a1=Q 54. Rxa1 Nxa1 55. f7 Rh8 56. Bh5 Kc7 57. Bd1 Kd7 58. Kd2 Ke7 59. Kc1 Rh1 0-1

[Event "Faroes Open 2018"]
[Site "Sandavagur"]
[Date "2018.07.13"]
[Round "8"]
[White "Esteve Sanchez, Sergio"]
[Black "Kristiansen, Jens"]
[Result "0-1"]
[ECO "A01"]
[WhiteElo "1994"]
[BlackElo "2380"]
[Annotator "NA"]
[PlyCount "53"]
[EventDate "2018.07.07"]
[EventType "swiss"]
[EventCountry "FAI"]
[SourceTitle "playchess.com"]
[Source "ChessBase"]
[SourceQuality "1"]
[TimeControl "40/5400+30:900+30"]

1. b3 e5 2. Bb2 Nc6 3. e3 d5 4. Bb5 Bd6 5. f4 Qh4+ 6. g3 Qe7 7. Nf3 Bg4 8. h3 Bxf3 9. Qxf3 Nf6 10. fxe5 Bxe5 11. Bxe5 Qxe5 12. Nc3 O-O 13. Bxc6 bxc6 14. O-O c5 $11 15. Qf4 Rfe8 16. Qxe5 Rxe5 17. Rf4 Rd8 18. Nb5 Ne4 19. Nxa7 Ra8 20. Nb5 c6 21. Nc3 Nxc3 22. dxc3 Rxe3 23. Raf1 Rxg3+ 24. Kh2 Rxc3 25. Rxf7 Rxc2+ 26. Kg3 h6 27. a4 0-1